 Dungeon Crawl Stone Soup version 0.31-a0-152-g6aa68a64a1 (webtiles) character file.

Game seed: 4379316541581686107

12333 qw the Marksminotaur (level 11, 0/99 HPs)
             Began as a Minotaur Hunter on June 10, 2023.
             Was an Elder of Okawaru.
             Succumbed to a black mamba's poison
             ... on level 3 of the Lair of Beasts.
             The game lasted 00:04:06 (9904 turns).

qw the Marksminotaur (Minotaur Hunter)              Turns: 9904, Time: 00:04:07

Health: 0/99       AC: 13    Str: 14    XL:     11   Next: 61%
Magic:  14/15      EV: 24    Int:  6    God:    Okawaru [****..]
Gold:   502        SH:  0    Dex: 18    Spells: 10/10 levels left

rFire   . . .        Y - +0 orcbow
rCold   . . .        (shield currently unavailable)
rNeg    + . .        n - +0 leather armour of Lifelessness {rPois SInv}
rPois   +            l - +2 hat "Faubenn" {rN+ Will+ Str-2}
rElec   .            o - +1 cloak {Will+}
rCorr   .            b - +0 pair of gloves
SInv    +            (no boots)
Will    ++...        (no amulet)
Stlth   +++          c - +4 ring of protection
HPRegen 0.36/turn    j - +5 ring of evasion
MPRegen 0.14/turn

%: no passive effects
@: lethally poisoned (0 -> -16), heroic
A: horns 2, retaliatory headbutt
a: Renounce Religion, Heroism, Finesse


You were on level 3 of the Lair of Beasts.
You worshipped Okawaru.
Okawaru was greatly pleased with you.
You visited 3 branches of the dungeon, and saw 12 of its levels.

You collected 670 gold pieces.
You spent 168 gold pieces at shops.


Innate Abilities, Weirdness & Mutations

You have a pair of horns on your head.
You reflexively headbutt those who attack you in melee.


   Skills:
 - Level 10.0(15.0) Fighting
 + Level 15.0(20.0) Ranged Weapons
 - Level 3.5(8.5) Armour
 - Level 7.0(12.0) Dodging
 - Level 0.7(5.7) Stealth
 + Level 7.7 Invocations


You had 10 spell levels left.
You didn't know any spells.
Your spell library was empty.

Inventory:

Hand Weapons
 Y - a +0 orcbow (weapon)
Armour
 b - a +0 pair of gloves (worn)
 f - a +3 leather armour of positive energy
 k - the +1 leather armour "Okoasch" {rElec Int+2 Dex+2}
   (You found it on level 3 of the Dungeon)

   Int:       It affects your intelligence (+2).
   Dex:       It affects your dexterity (+2).
   rElec:     It insulates you from electricity.
 l - the +2 hat "Faubenn" (worn) {rN+ Will+ Str-2}
   (You found it on level 6 of the Dungeon)

   Str:       It affects your strength (-2).
   rN:        It protects you from negative energy.
   Will:      It increases your willpower.
 n - the +0 leather armour of Lifelessness (worn) {rPois SInv}
   (You found it on level 7 of the Dungeon)

   rPois:     It protects you from poison.
   SInv:      It lets you see invisible.
 o - a +1 cloak of willpower (worn)
 q - a +1 leather armour of fire resistance
Jewellery
 c - a +4 ring of protection (left hand)
 j - a +5 ring of evasion (right hand)
Scrolls
 a - 3 scrolls of identify
Potions
 d - 5 potions of curing
 e - a potion of cancellation
 h - 2 potions of might
 i - a potion of magic
 m - a potion of haste
 p - a potion of resistance

Dungeon Overview and Level Annotations

Branches:
Dungeon (8/15)             Temple (1/1) D:4            Lair (3/5) D:8
  Swamp: Lair:2-3    Shoals: Lair:2-3     Snake: Lair:2-3    Spider: Lair:2-3

Altars:
Ashenzari
Cheibriados
Dithmenos
Elyvilon
Fedhas
Gozag
Hepliaklqana
Kikubaaqudgha
Makhleb
Nemelex Xobeh
Okawaru
Qazlal
Ru
Sif Muna
Trog
Uskayaw
Vehumet
Wu Jian
Xom
Yredelemnul
Zin
The Shining One

Shops:
D:4 *

Annotations:
D:8 2 transporters


Message History

The yak gores you. The bullfrog completely misses you.
You shoot an arrow.
The arrow hits the yak but does no damage.
The yak is lightly wounded.
Your surroundings suddenly seem different.
A black mamba and 3 blink frogs come into view.
Enter note:
Enter note:
9898 ||| READING scroll of teleportation.
As you read the scroll of teleportation, it crumbles to dust.
You feel strangely unstable.
The black mamba hisses angrily.
You shoot an arrow. The arrow hits the blink frog.
The blink frog croaks.
The blink frog is lightly wounded.
The blink frog gives a loud, deep croak! x2
The blink frog misses you. You furiously retaliate!
You headbutt the blink frog.
The blink frog blinks!
You shoot an arrow. The arrow misses the blink frog.
The arrow barely misses the blink frog.
The blink frog closely misses you. You furiously retaliate!
You headbutt the blink frog. You shoot an arrow.
The arrow closely misses the blink frog.
The black mamba misses you. The blink frog completely misses you.
The black mamba completely misses you.
You shoot an arrow. The arrow hits the blink frog!
The blink frog is severely wounded.
The blink frog hits you! The black mamba barely misses you.
The blink frog barely misses you.
You shoot an arrow. The arrow hits the blink frog!!
You kill the blink frog!
Okawaru accepts your kill. The black mamba bites you.
You are lethally poisoned!
The black mamba poisons you!
You shoot an arrow. The arrow misses the blink frog.
Your surroundings suddenly seem different.
A rime drake, a fire bat and a molten gargoyle come into view.
You die...

.......#b¤~....
........9~~#...
........~¤~#...
.......#.#~....
........####...
........###....
........##P....
.......@.......
..k............
¤~~............
¤#~............
#~............
#~~............
~¤~............
~~~............
....¤~# ~...


You could see a rime drake (asleep), a molten gargoyle (dormant) and a fire bat
(asleep).

Vanquished Creatures
  A two-headed ogre (D:8)
  Maurice (D:8)
  3 black mambas
  3 torpor snails (Lair:3)
  4 cane toads
  2 komodo dragons
  A troll (D:8)
  A polar bear (Lair:3)
  A hornet (D:5)
  4 blink frogs
  A shadow (D:7)
  A wraith (D:7)
  4 wyverns
  6 yaks (Lair:1)
  A steam dragon (D:7)
  6 water moccasins
  3 sky beasts
  5 ice beasts
  2 orc warriors
  An ogre (D:7)
  12 wolves
  4 centaurs
  2 kobold brigands (D:7)
  3 bullfrogs
  3 scorpions
  A wight (D:7)
  3 killer bees (D:8)
  3 electric eels (D:8)
  8 hounds
  2 jellies
  2 orc priests (D:8)
  4 iguanas
  3 sleepcaps
  9 orc wizards
  7 gnolls
  10 adders
  A shadow imp (D:7)
  A dart slug (D:1)
  22 orcs
  3 endoplasms
  4 giant cockroaches
  5 goblins
  8 hobgoblins
  7 kobolds
  A quokka (D:1)
  9 ball pythons
  4 bats
  2 frilled lizards
  6 rats
200 creatures vanquished.

Notes
Turn   | Place    | Note
-------+----------+-------------------------------------------
     0 | D:1      | qw the Minotaur Hunter began the quest for the Orb.
     0 | D:1      | Reached XP level 1. HP: 18/18 MP: 0/0
     0 | D:1      | 0 ||| qw: Version: 0.2-a-122-gbc61b45
     0 | D:1      | 0 ||| qw: Game counter: 3607
     0 | D:1      | 0 ||| qw: Always use a shield: true
     0 | D:1      | 0 ||| qw: God list: Okawaru
     0 | D:1      | 0 ||| qw: Allow faded altars: false
     0 | D:1      | 0 ||| qw: Do Orc after D:15 true
     0 | D:1      | 0 ||| qw: Do second Lair branch before Depths: true
     0 | D:1      | 0 ||| qw: Lair rune preference: random
     0 | D:1      | 0 ||| qw: Plans: Normal
     0 | D:1      | 0 ||| PLANNING D:1-11
   209 | D:1      | Found a faded altar of an unknown god.
   233 | D:1      | Reached XP level 2. HP: 21/25 MP: 1/1
   411 | D:1      | Reached skill level 5 in Ranged Weapons
   548 | D:1      | Reached skill level 3 in Fighting
   675 | D:1      | 675 ||| UPGRADING to +0 ring mail.
   685 | D:1      | 685 ||| DROPPING +0 leather armour.
   686 | D:1      | 686 ||| READING 2 scrolls labelled MIMAT BE UBIHU.
   687 | D:1      | 687 ||| DROPPING scroll of butterflies.
   780 | D:2      | Reached skill level 1 in Armour
   780 | D:2      | Reached XP level 3. HP: 31/31 MP: 2/2
  1232 | D:2      | Reached XP level 4. HP: 38/38 MP: 3/3
  1638 | D:2      | 1638 ||| UPGRADING to +0 pair of gloves.
  1643 | D:2      | 1643 ||| DROPPING ring of wizardry.
  1644 | D:2      | 1644 ||| READING scroll labelled TAXUZ WOPTOON.
  1645 | D:2      | 1645 ||| READING scroll labelled UMISOSHRUCIST.
  1712 | D:2      | 1712 ||| READING scroll labelled SYTETA OXOFU.
  1813 | D:2      | 1813 ||| DRINKING 2 fizzy orange potions.
  1814 | D:2      | 1814 ||| READING 6 scrolls of identify.
  1814 | D:2      | 1814 ||| IDENTIFYING clear potion
  1815 | D:2      | 1815 ||| READING 5 scrolls of identify.
  1815 | D:2      | 1815 ||| IDENTIFYING amethyst potion
  1816 | D:2      | 1816 ||| READING 4 scrolls of identify.
  1816 | D:2      | 1816 ||| IDENTIFYING dark potion
  1817 | D:2      | 1817 ||| DROPPING potion of degeneration.
  1995 | D:3      | Reached skill level 6 in Ranged Weapons
  2062 | D:3      | 2062 ||| FLEEEEING.
  2063 | D:3      | 2063 ||| FLEEEEING.
  2064 | D:3      | 2064 ||| FLEEEEING.
  2173 | D:3      | Reached XP level 5. HP: 46/46 MP: 4/4
  2221 | D:3      | Identified the +1 leather armour "Okoasch" {rElec Int+2
                  | Dex+2}
  2254 | D:3      | 2254 ||| UPGRADING to +1 leather armour "Okoasch" {rElec
                  | Int+2 Dex+2}.
  2264 | D:3      | 2264 ||| DROPPING +0 ring mail.
  2265 | D:3      | 2265 ||| READING scroll labelled APNINO HUCOZI.
  2266 | D:3      | 2266 ||| READING 3 scrolls of identify.
  2266 | D:3      | 2266 ||| IDENTIFYING white potion
  2267 | D:3      | 2267 ||| READING 2 scrolls of identify.
  2267 | D:3      | 2267 ||| IDENTIFYING ruby potion
  2268 | D:3      | 2268 ||| DROPPING potion of brilliance.
  2269 | D:3      | 2269 ||| DROPPING potion of attraction.
  2278 | D:4      | 2278 ||| STAIRDANCE
  2339 | D:4      | 2339 ||| STAIRDANCE
  2386 | D:4      | Found a sparkling altar of Nemelex Xobeh.
  2396 | D:4      | Found a staircase to the Ecumenical Temple.
  2397 | D:4      | 2397 ||| PLANNING TEMPLE
  2405 | Temple   | Entered the Ecumenical Temple
  2416 | Temple   | 2416 ||| PLANNING OKAWARU WORSHIP
  2457 | Temple   | Became a worshipper of Warmaster Okawaru
  2457 | Temple   | 2457 ||| PLANNING D:1-11
  2794 | D:4      | Found Xucw's Assorted Antiques.
  2801 | D:4      | 2801 ||| BUYING glowing leather armour (120 gold).
  2801 | D:4      | Bought a glowing leather armour for 120 gold pieces
  2801 | D:4      | 2801 ||| SHOPLISTING jewelled silver wand (96 gold, have
                  | 78).
  2801 | D:4      | 2801 ||| SHOPLISTING notched tourmaline ring (120 gold,
                  | have 78).
  2801 | D:4      | 2801 ||| SHOPLISTING runed sling (108 gold, have 78).
  2801 | D:4      | 2801 ||| BUYING scroll labelled DUETUTZ RIMOAW (24 gold).
  2801 | D:4      | Bought a scroll labelled DUETUTZ RIMOAW for 24 gold pieces
  2801 | D:4      | 2801 ||| BUYING scroll labelled DUETUTZ RIMOAW (24 gold).
  2801 | D:4      | Bought a scroll labelled DUETUTZ RIMOAW for 24 gold pieces
  2985 | D:4      | Reached skill level 7 in Ranged Weapons
  2985 | D:4      | Reached XP level 6. HP: 15/52 MP: 5/5
  3374 | D:4      | 3374 ||| UPGRADING to +0 cloak.
  3379 | D:4      | 3379 ||| READING scroll labelled LAROST IFAUPN.
  3380 | D:4      | 3380 ||| READING 3 scrolls labelled DUETUTZ RIMOAW.
  3384 | D:4      | 3384 ||| READING 3 scrolls of identify.
  3384 | D:4      | 3384 ||| IDENTIFYING yellow potion
  3400 | D:5      | Entered Level 5 of the Dungeon
  3405 | D:5      | 3405 ||| STAIRDANCE
  3414 | D:4      | HP: 11/52 [iguana (12)]
  3415 | D:4      | 3415 ||| READING 2 scrolls of teleportation.
  3415 | D:4      | HP: 4/52 [iguana (8)]
  3416 | D:4      | 3416 ||| DRINKING potion of heal wounds.
  3554 | D:5      | Noticed an ice beast
  3566 | D:5      | Killed an ice beast
  3567 | D:5      | Reached skill level 3 in Dodging
  3877 | D:5      | Noticed a hornet
  3883 | D:5      | Killed a hornet
  3884 | D:5      | Reached skill level 8 in Ranged Weapons
  3884 | D:5      | Reached XP level 7. HP: 46/59 MP: 6/6
  3955 | D:5      | Reached * piety under Okawaru
  4426 | D:5      | 4426 ||| UPGRADING to +4 ring of protection.
  4427 | D:5      | 4427 ||| READING scroll labelled UNOITY IDUMAUCS.
  4428 | D:5      | 4428 ||| DRINKING 2 emerald potions.
  4533 | D:5      | 4533 ||| DROPPING potion of berserk rage.
  4578 | D:6      | Reached skill level 1 in Invocations
  4678 | D:6      | Reached skill level 9 in Ranged Weapons
  4697 | D:6      | Identified the +2 hat "Faubenn" {rN+ Will+ Str-2}
  4803 | D:6      | 4803 ||| INVOKING Heroism.
  4809 | D:6      | Reached XP level 8. HP: 37/69 MP: 5/9
  4944 | D:6      | Reached skill level 3 in Invocations
  5066 | D:6      | 5066 ||| INVOKING Heroism.
  5072 | D:6      | Reached skill level 6 in Fighting
  5222 | D:6      | 5222 ||| UPGRADING to +2 hat "Faubenn" {rN+ Will+ Str-2}.
  5227 | D:6      | 5227 ||| UPGRADING to +5 ring of evasion.
  5228 | D:6      | 5228 ||| READING scroll labelled VIRRIATIEPP.
  5229 | D:6      | 5229 ||| READING 3 scrolls of identify.
  5229 | D:6      | 5229 ||| IDENTIFYING gluggy blue potion
  5230 | D:6      | 5230 ||| DROPPING potion of ambrosia.
  5402 | D:7      | Reached ** piety under Okawaru
  5466 | D:7      | 5466 ||| INVOKING Heroism.
  5485 | D:7      | Reached skill level 10 in Ranged Weapons
  5492 | D:7      | Reached skill level 3 in Armour
  5611 | D:7      | Reached XP level 9. HP: 78/78 MP: 11/11
  5755 | D:7      | 5755 ||| INVOKING Heroism.
  5854 | D:7      | 5854 ||| INVOKING Heroism.
  5909 | D:7      | Identified the +0 leather armour of Lifelessness {rPois
                  | SInv}
  5922 | D:7      | 5922 ||| INVOKING Heroism.
  6045 | D:7      | Reached skill level 11 in Ranged Weapons
  6047 | D:7      | Reached *** piety under Okawaru
  6057 | D:7      | Found a snail-covered altar of Cheibriados.
  6058 | D:7      | 6058 ||| SWAPPING to +0 orcbow.
  6059 | D:7      | 6059 ||| DROPPING +0 shortbow of freezing.
  6089 | D:7      | Found a hazy altar of Hepliaklqana.
  6225 | D:7      | 6225 ||| INVOKING Heroism.
  6597 | D:7      | 6597 ||| UPGRADING to +0 leather armour of Lifelessness
                  | {rPois SInv}.
  6607 | D:7      | 6607 ||| DROPPING amulet of magic regeneration.
  6608 | D:7      | 6608 ||| READING scroll labelled OCZIBAS TEKI.
  6609 | D:7      | 6609 ||| READING 2 scrolls labelled SONYNY CEHAIXT.
  6610 | D:7      | 6610 ||| DROPPING scroll of poison.
  6645 | D:8      | 6645 ||| INVOKING Heroism.
  6691 | D:8      | Reached skill level 12 in Ranged Weapons
  6727 | D:8      | Noticed a two-headed ogre
  6728 | D:8      | 6728 ||| INVOKING Heroism.
  6742 | D:8      | Killed a two-headed ogre
  6743 | D:8      | Reached skill level 9 in Fighting
  6743 | D:8      | Reached XP level 10. HP: 37/91 MP: 10/12
  6743 | D:8      | 6743 ||| FLEEEEING.
  6744 | D:8      | 6744 ||| FLEEEEING.
  6760 | D:8      | 6760 ||| INVOKING Heroism.
  6952 | D:8      | 6952 ||| INVOKING Heroism.
  6977 | D:8      | 6977 ||| READING scroll labelled PIUXTAR JUHI.
  7020 | D:8      | 7020 ||| INVOKING Heroism.
  7043 | D:8      | 7043 ||| INVOKING Heroism.
  7044 | D:8      | 7044 ||| Stepping ~*~*~tactically~*~*~ (outnumbered).
  7061 | D:8      | 7061 ||| INVOKING Heroism.
  7063 | D:8      | Reached skill level 6 in Dodging
  7078 | D:8      | Found a staircase to the Lair.
  7227 | D:8      | Found a transporter.
  7227 | D:8      | Found a transporter.
  7234 | D:8      | Found a bloodstained altar of Trog.
  7243 | D:8      | Noticed a moth of wrath
  7244 | D:8      | Noticed a two-headed ogre
  7383 | D:8      | Received a gift from Okawaru
  7487 | D:8      | Noticed Maurice
  7501 | D:8      | Killed Maurice
  7667 | D:8      | 7667 ||| INVOKING Heroism.
  7675 | D:8      | Reached skill level 13 in Ranged Weapons
  7716 | D:8      | 7716 ||| PLANNING LAIR
  7716 | D:8      | 7716 ||| UPGRADING to +1 cloak of willpower.
  7726 | D:8      | 7726 ||| DROPPING +0 cloak.
  7727 | D:8      | 7727 ||| READING scroll labelled DYNESI MYJI.
  7787 | Lair:1   | Entered Level 1 of the Lair of Beasts
  7800 | Lair:1   | Noticed a cane toad
  7801 | Lair:1   | 7801 ||| INVOKING Heroism.
  7807 | Lair:1   | Killed a cane toad
  7914 | Lair:1   | Noticed a black mamba
  7915 | Lair:1   | 7915 ||| INVOKING Heroism.
  7925 | Lair:1   | Killed a black mamba
  7934 | Lair:1   | Noticed a cane toad
  7939 | Lair:1   | Killed a cane toad
  7940 | Lair:1   | Reached skill level 14 in Ranged Weapons
  8034 | Lair:1   | Noticed a cane toad
  8035 | Lair:1   | 8035 ||| INVOKING Heroism.
  8040 | Lair:1   | Killed a cane toad
  8206 | Lair:1   | Reached **** piety under Okawaru
  8222 | Lair:1   | Received a gift from Okawaru
  8230 | Lair:1   | 8230 ||| INVOKING Heroism.
  8476 | Lair:1   | 8476 ||| INVOKING Heroism.
  8489 | Lair:1   | Reached XP level 11. HP: 97/97 MP: 11/13
  8746 | Lair:1   | 8746 ||| READING scroll labelled SYCOATR ICEU.
  8747 | Lair:1   | 8747 ||| READING 3 scrolls of identify.
  8747 | Lair:1   | 8747 ||| IDENTIFYING pink potion
  8748 | Lair:1   | 8748 ||| READING 2 scrolls of identify.
  8748 | Lair:1   | 8748 ||| IDENTIFYING viscous coppery potion
  8794 | Lair:2   | 8794 ||| STAIRDANCE
  8937 | Lair:2   | 8937 ||| INVOKING Heroism.
  9066 | Lair:2   | Reached skill level 6 in Invocations
  9124 | Lair:2   | 9124 ||| INVOKING Heroism.
  9293 | Lair:2   | 9293 ||| INVOKING Heroism.
  9764 | Lair:2   | 9764 ||| READING 4 scrolls of identify.
  9764 | Lair:2   | 9764 ||| IDENTIFYING viscous ruby potion
  9793 | Lair:3   | 9793 ||| INVOKING Heroism.
  9838 | Lair:3   | Found a snail-covered altar of Cheibriados.
  9863 | Lair:3   | 9863 ||| INVOKING Heroism.
  9882 | Lair:3   | HP: 21/99 [electric eel/bolt of electricity (9)]
  9883 | Lair:3   | 9883 ||| READING 4 scrolls of teleportation.
  9886 | Lair:3   | Reached skill level 15 in Ranged Weapons
  9886 | Lair:3   | Noticed an eight-headed hydra
  9886 | Lair:3   | Noticed a six-headed hydra
  9887 | Lair:3   | 9887 ||| READING 3 scrolls of teleportation.
  9888 | Lair:3   | 9888 ||| INVOKING Heroism.
  9889 | Lair:3   | HP: 16/99 [cane toad (7)]
  9893 | Lair:3   | 9893 ||| FLEEEEING.
  9894 | Lair:3   | 9894 ||| READING 2 scrolls of teleportation.
  9896 | Lair:3   | HP: 15/99 [yak (3)]
  9898 | Lair:3   | 9898 ||| READING scroll of teleportation.
  9902 | Lair:3   | HP: 9/99 [blink frog (8)]
  9903 | Lair:3   | HP: 3/99 [black mamba (6)]
  9904 | Lair:3   | Succumbed to a black mamba's poison

Levels and vault maps discovered:
D:1:      minmay_arrival_wavy_path, layout_rooms,
          shapermc_ecumenical_altar_venn, chequers_avenue,
          minmay_misc_feat_diagonals, chequers_decorated_corner,
          minmay_fountain_box, amcnicky_mini_corridor_feature
D:2:      minmay_inner_zag, layout_loops_cross, minmay_misc_feat_square,
          roderic_roman_lattice
D:3:      layout_rooms
D:4:      layout_basic, nicolae_overflow_crystal_walls,
          minmay_temple_entry_drinking_statues, chequers_serial_rivers_small_b,
          nicolae_wooded_promenade
D:5:      layout_gridville
D:6:      layout_cave_pools, minmay_misc_feat_ornament
D:7:      minmay_s_stair_smasher, layout_loops_ring,
          mainiacjoe_overflow_two_lobes, minmay_manual_mares
D:8:      layout_loops_ring, erik_lair_island,
          gammafunk_ghost_wrathful_warriors, uniq_maurice
Temple:   hellmonk_temple_of_storms
Lair:1:   layout_gridlike, chequers_serial_rivers_room_b, grunt_megastairs_1
Lair:2:   layout_hall_layers
Lair:3:   layout_gridlike, elwin_shoals_entry_stream,
          nicolae_snake_entry_warm_welcome, kennysheep_snail_temple,
          grunt_megastairs_3

Skill      XL: |  1  2  3  4  5  6  7  8  9 10 11 |
---------------+----------------------------------+-----
Ranged Weapons | 5 6 7 8 9 10 12 14 15 | 15.0
Fighting       | 3 4 5 6 9 10 | 10.0
Armour         | 1 3 |  3.5
Dodging        | 3 4 5 7 |  7.0
Invocations    | 2 4 5 7 |  7.7
Stealth        | |  0.7

Action                     |  1- 3 |  4- 6 |  7- 9 | 10-12 || total
---------------------------+-------+-------+-------+-------++-------
   Fire: Shortbow          |   130 |   198 |   226 |       ||   554
         Orcbow            |       |       |    67 |   387 ||   454
 Invoke: Heroism           |       |       |     9 |    17 ||    26
    Use: Scroll            |     1 |    13 |     5 |    10 ||    29
         Potion            |       |     2 |     1 |       ||     3
 Armour: Leather armour    |     3 |    28 |    39 |    26 ||    96
         Ring mail         |    18 |    26 |       |       ||    44
  Dodge: Dodged            |    32 |    58 |    96 |   184 ||   370

Table legend:
 A = Non-vault XP
 B = Vault XP
 C = Vault XP percentage of total XP
 D = Non-vault monster count
 E = Vault monster count
 F = Vault count percentage of total count
                 A         B        C        D         E       F
            +---------+---------+-------+---------+---------+-------
      Total |   11572 |    6047 |  34.3 |     162 |      38 |  19.0
            +---------+---------+-------+---------+---------+-------
        D:1 |      32 |       0 |   0.0 |      19 |       0 |   0.0
        D:2 |      55 |      18 |  24.7 |      19 |       5 |  20.8
        D:3 |      98 |       0 |   0.0 |      19 |       0 |   0.0
        D:4 |     220 |       0 |   0.0 |      10 |       0 |   0.0
        D:5 |     670 |       0 |   0.0 |       8 |       0 |   0.0
        D:6 |     610 |       0 |   0.0 |      14 |       0 |   0.0
        D:7 |     675 |    2030 |  75.0 |      12 |      17 |  58.6
        D:8 |    1883 |    1238 |  39.7 |      26 |       9 |  25.7
     Lair:1 |    2875 |    1465 |  33.8 |      13 |       4 |  23.5
     Lair:2 |    3112 |       0 |   0.0 |      18 |       0 |   0.0
     Lair:3 |    1342 |    1296 |  49.1 |       4 |       3 |  42.9
            +---------+---------+-------+---------+---------+-------
